 Dungeon Crawl Stone Soup version 0.30.0-17-ge0270778cf (webtiles) character file.

Game seed: 14478564710661439758

3489 fleet the Zephyrmancer (level 10, -5/96 HPs)
             Began as a Tengu Air Elementalist on May 21, 2023.
             Slain by a vampire
             ... wielding a +0 vampiric halberd
              (9 damage)
             ... in a bailey.
             The game lasted 00:25:13 (9862 turns).

fleet the Zephyrmancer (Tengu Air Elementalist)     Turns: 9862, Time: 00:25:13

Health: -5/96      AC:  4    Str:  8    XL:     10   Next: 7%
Magic:  12/14      EV: 19    Int: 19    God:
Gold:   325        SH:  0    Dex: 16    Spells: 12/13 levels left

rFire   . . .        o - +2 quarterstaff (chaos)
rCold   . . .        (shield currently unavailable)
rNeg    . . .        q - +0 leather armour
rPois   .            (helmet restricted)
rElec   .            p - +0 cloak
rCorr   .            (no gloves)
SInv    .            (boots unavailable)
Will    .....        (no amulet) Stlth
                     v - +5 ring of evasion
HPRegen 0.36/turn    y - ring of wizardry
MPRegen 0.14/turn

%: wizardry (x1)
@: berserking, flying quickly and evasively, very quick
A: beak, talons 3, nimble flight
a: no special abilities


You were in a bailey.
You visited 1 branch of the dungeon, and saw 7 of its levels.
You also visited: Sewer and Bailey.

You collected 325 gold pieces.

Inventory:

Hand Weapons
 o - a +2 quarterstaff of chaos (weapon)
Armour
 p - a +0 cloak (worn)
 q - a +0 leather armour (worn)
Jewellery
 v - a +5 ring of evasion (left hand)
 w - a +5 ring of evasion
 y - a ring of wizardry (right hand)
 D - a +4 ring of protection
Scrolls
 a - a scroll of fear {unknown}
 c - 2 scrolls of poison {unknown}
 d - 2 scrolls of amnesia {unknown}
 f - 5 scrolls of noise
 j - a scroll of fog {unknown}
 l - 2 scrolls of enchant weapon {unknown}
 m - 3 scrolls of magic mapping
 r - 3 scrolls of teleportation
 u - a scroll of vulnerability {unknown}
 x - 2 scrolls of silence {unknown}
 C - a scroll of blinking {unknown}
Potions
 b - 3 potions of magic
 e - 6 potions of curing
 g - a potion of invisibility
 i - a potion of ambrosia {unknown}
 k - a potion of might
 n - 2 potions of mutation
 s - a potion of brilliance {unknown}
 t - 2 potions of resistance {unknown}
 A - a potion of degeneration {unknown}
 B - 2 potions of haste {unknown}
 E - a potion of cancellation {unknown}
 F - a potion of flight {unknown}


   Skills:
 + Level 7.7 Fighting
 + Level 8.4 Staves
 - Level 2.1 Dodging
 - Level 2.0 Stealth
 - Level 2.0 Spellcasting
 - Level 1.3 Conjurations
 + Level 12.0 Air Magic


You had 12 spell levels left.
You knew the following spells:

 Your Spells              Type           Power      Damage    Failure   Level
a - Shock                 Conj/Air       100%       1d9       1%          1

Your spell library contained the following spells:

 Spells                   Type           Power      Damage    Failure   Level
 Static Discharge         Conj/Air       54%        2-5/arc   1%          2
 Swiftness                Air            47%        N/A       1%          3
 Airstrike                Air            23%        2d(4-20)  1%          4
 Lesser Beckoning         Tloc           2%         N/A       16%         2
 Gell's Gravitas          Tloc           1%         N/A       28%         3
 Teleport Other           Tloc           1%         N/A       28%         3
 Tukima's Dance           Hex            1%         N/A       28%         3
 Volatile Blastmotes      Fire/Tloc      2%         2d10      28%         3
 Fulminant Prism          Conj/Hex       2%         3d5       56%         4
 Iskenderun's Mystic Bla  Conj/Tloc      4%         2d3       56%         4
 Passage of Golubria      Tloc           1%         N/A       65%         4
 Lee's Rapid Deconstruct  Erth           0%         3d4*      92%         5
 Yara's Violent Unravell  Hex/Tmut       0%         3d3       92%         5


Dungeon Overview and Level Annotations

Branches:
Dungeon (7/15)             Temple (0/1) D:7           Sewer (visited)
 Bailey (1/1)

Altars:

Shops:
D:2 [   D:5 ?=:[(

Annotations:
D:3 monsoonserge's ghost, amateur HuWr
D:7 4 runed translucent doors


Innate Abilities, Weirdness & Mutations

You have a beak for a mouth.
You have claws for feet.
Your magical nature lets you fly swiftly and evasively.


Message History

Confirm with . or Enter, or press ? or * to list all spells.
Aiming: Shock (safe; 1% risk of failure)
Press: ? - help, Shift-Dir - straight line, f/p - vampire
Aim: a vampire, wielding a +0 vampiric halberd and wearing a +0 chain mail (lightly damaged, 81% to hit)
The zap hits the vampire but does no damage.
The vampire is lightly damaged.
Casting: Shock (safe; 1% risk of failure)
Confirm with . or Enter, or press ? or * to list all spells.
Aiming: Shock (safe; 1% risk of failure)
Press: ? - help, Shift-Dir - straight line, f/p - vampire
Aim: a vampire, wielding a +0 vampiric halberd and wearing a +0 chain mail (lightly damaged, 81% to hit)
The zap misses the vampire.
The vampire gestures wildly while chanting.
The vampire flickers and vanishes!
Deactivating autopickup; reactivate with Ctrl-A.
Casting: Shock (safe; 1% risk of failure)
Confirm with . or Enter, or press ? or * to list all spells.
You can't see any susceptible monsters within range! (Use Z to cast anyway.) Unknown command.
You hear some strange, mumbled words.
Something tries to affect you, but you resist.
Something hits you! Something bites you.
Something draws strength from your injuries!
You barely miss something. Your kick misses something. Something hits you!!
Something bites you.
Something draws strength from your injuries!
You hit something. Your kick misses something. Something hits you!
Something completely misses you.
You barely miss something. You closely miss something. Something hits you.
Something bites you.
* * * LOW HITPOINT WARNING * * *
Something draws strength from your injuries!
A red film seems to cover your vision as you go berserk!
You feel yourself moving faster!
You feel mighty! Something hits you!
* * * LOW HITPOINT WARNING * * *
Something bites you!
* * * LOW HITPOINT WARNING * * *
Something draws strength from your injuries!
You completely miss something. Your peck misses something. Something hits you!
You die...

##### #..)# *####* ####...#
####*#...8**
####).')÷.#####8.##.....,**
...#).#####..8#..#...#*,,8*
...#'##.......#..'..#***,,*
....).........#..'..#***,,*
#.....♣...♣...#.{#...#*,,8*
.......♣......#.@##.....,**
..............#...##....**
#.....♣......##....#####*
............##.)....8#
..♣......))##..)##...#
.....♣♣...).#.)).##..#
..♣♣♣..)....##....#..#
....♣........##...#..#
)..♣..######......#..#


There were no monsters in sight!

Vanquished Creatures
  A gargoyle (Bailey)
  A troll (D:6)
  2 ice beasts (D:6)
  A black bear (D:5)
  3 sky beasts
  A phantom (D:4)
  6 kobold brigands
  A bullfrog (D:6)
  A wyvern zombie (D:3)
  4 scorpions
  A killer bee (D:6)
  8 vampire bats (Bailey)
  4 wolf zombies (Bailey)
  A centaur zombie (D:3)
  2 jellies
  A hound (D:4)
  5 orc priests
  Crazy Yiuf (D:2)
  2 gnoll boudas
  An iguana (D:6)
  2 sleepcaps
  2 bullfrog skeletons (D:3)
  2 orc wizards
  A mummy (D:3)
  12 gnolls
  3 river rats (Sewer)
  14 adders
  3 ufetubi
  3 worms (Sewer)
  3 dart slugs
  14 orcs
  8 ball pythons
  3 bats
  7 endoplasms
  5 giant cockroaches
  13 goblins
  7 hobgoblins
  3 quokkas
  3 frilled lizards
  25 kobolds
  21 orc zombies (Bailey)
  2 rats
203 creatures vanquished.

Notes
Turn   | Place    | Note
-------+----------+-------------------------------------------
     0 | D:1      | fleet the Tengu Air Elementalist began the quest for the
                  | Orb.
     0 | D:1      | Reached XP level 1. HP: 10/10 MP: 4/4
   310 | D:1      | Reached XP level 2. HP: 15/15 MP: 1/6
   402 | D:1      | Reached skill level 5 in Air Magic
   487 | D:1      | Found a faded altar of an unknown god.
   906 | D:1      | Reached XP level 3. HP: 19/19 MP: 2/7
  1146 | D:2      | Found Golun's Armour Boutique.
  1312 | D:2      | Found a runed translucent door.
  1313 | D:2      | Noticed Crazy Yiuf
  1712 | D:2      | Killed Crazy Yiuf
  1713 | D:2      | Reached skill level 6 in Air Magic
  1713 | D:2      | Reached XP level 4. HP: 24/24 MP: 4/8
  2014 | D:3      | Found a glowing drain.
  2067 | Sewer    | Entered a sewer
  2154 | Sewer    | Reached skill level 1 in Fighting
  2154 | Sewer    | Reached skill level 1 in Staves
  2253 | Sewer    | Gained mutation: Your magical nature lets you fly swiftly
                  | and evasively. [Tengu growth]
  2253 | Sewer    | Reached XP level 5. HP: 26/29 MP: 6/9
  2347 | Sewer    | Noticed a kobold brigand
  2357 | Sewer    | Killed a kobold brigand
  2358 | Sewer    | Reached skill level 7 in Air Magic
  2450 | Sewer    | Noticed a kobold brigand
  2464 | Sewer    | Killed a kobold brigand
  2465 | Sewer    | Reached XP level 6. HP: 35/36 MP: 1/10
  3111 | Sewer    | Reached XP level 7. HP: 12/41 MP: 3/11
  3558 | D:3      | Found a transporter.
  3723 | D:3      | Found a transporter.
  3727 | D:3      | Noticed monsoonserge's ghost (amateur HuWr)
  4060 | D:3      | Reached skill level 8 in Air Magic
  4912 | D:4      | Reached XP level 8. HP: 48/48 MP: 10/12
  5250 | D:4      | Reached skill level 9 in Air Magic
  5289 | D:4      | Reached skill level 5 in Staves
  5775 | D:5      | Entered Level 5 of the Dungeon
  5775 | D:5      | Found Cycomm's Book Emporium.
  5775 | D:5      | Found Roivi's Antique Weapon Shop.
  5848 | D:5      | Reached skill level 5 in Fighting
  5987 | D:5      | Found Mulint's Armour Shop.
  6294 | D:5      | Found Haxiant's Jewellery Emporium.
  6545 | D:5      | Found Haxayrow's Magic Scroll Boutique.
  7039 | D:5      | Reached skill level 10 in Air Magic
  7260 | D:6      | Reached XP level 9. HP: 55/55 MP: 3/13
  7592 | D:6      | Noticed a troll
  7607 | D:6      | Killed a troll
  8245 | D:6      | Reached skill level 11 in Air Magic
  8543 | D:7      | Found a huge runed translucent gate.
  8543 | D:7      | Found a huge runed translucent gate.
  8543 | D:7      | Found a huge runed translucent gate.
  8543 | D:7      | Found a huge runed translucent gate.
  8543 | D:7      | Noticed a polar bear
  8543 | D:7      | Noticed a polar bear
  8543 | D:7      | Noticed a death yak
  8543 | D:7      | Noticed a polar bear
  8552 | D:7      | Noticed a polar bear
  8559 | D:7      | Noticed a polar bear
  8588 | D:7      | Noticed a polar bear
  8591 | D:7      | Found a staircase to the Ecumenical Temple.
  8828 | D:7      | Found a flagged portal.
  8840 | Bailey   | Entered a bailey
  8949 | Bailey   | Identified the +7 hand axe of Duty {freeze, Will+ Stlth+}
  9335 | Bailey   | Noticed a gargoyle
  9531 | Bailey   | HP: 1/57 [gargoyle/+1 flail of protection (11)]
  9540 | Bailey   | Killed a gargoyle
  9541 | Bailey   | Reached skill level 12 in Air Magic
  9541 | Bailey   | Reached XP level 10. HP: 21/64 MP: 10/14
  9861 | Bailey   | HP: 4/96 [something (12)]
  9862 | Bailey   | Slain by a vampire

Illustrated notes

Levels and vault maps discovered:
D:1:      dpeg_arrival_windows_large_door, layout_loops_cross,
          dreamdust_ecumenical_altar_angels_and_demons,
          chequers_hall_statues_corner_a
D:2:      layout_basic, serial_shops, nicolae_shop_crystal,
          uniq_crazy_yiuf_cottage
D:3:      layout_rooms, portal_sewer_entry_d, gammafunk_ghost_mausoleum
D:4:      layout_basic
D:5:      layout_rooms, serial_shops, nicolae_shop_just_a_little_nook,
          nicolae_shop_crystal, shop, nicolae_shop_crystal, shop,
          serial_co_window_serial, co_window_paths_b, co_window_corner_a,
          co_window_corner_a, co_window_paths_a, co_window_corner_a,
          co_window_paths_c, co_window_of_opportunity_c,
          co_window_unsneaky_path_e, co_window_corner_b, co_window_broadway_b,
          co_window_unsneaky_path_d, glass_columns_a
D:6:      layout_basic, grunt_ministairs_6, hex_large
D:7:      lemuel_bear_cage, layout_basic, minmay_temple_entry_statues,
          enter_bailey_3, serial_rivers, chequers_serial_rivers_micro_d,
          chequers_serial_rivers_room_b, chequers_serial_rivers_micro_a,
          chequers_serial_rivers_micro_e, chequers_serial_rivers_room_a
Bailey:   bailey_polearm_vampire_castle_hellmonk, bailey

Skill      XL: |  1  2  3  4  5  6  7  8  9 |
---------------+----------------------------+-----
Air Magic      | 5 6 7 8 10 12 | 12.0
Fighting       | 1 2 3 4 5 7 |  7.7
Staves         | 1 2 3 4 6 8 |  8.4
Dodging        | |  2.1
Stealth        | |  2.0
Spellcasting   | |  2.0
Conjurations   | |  1.3

Action                     |  1- 3 |  4- 6 |  7- 9 | 10-12 || total
---------------------------+-------+-------+-------+-------++-------
  Melee: Unarmed           |     7 |       |       |       ||     7
         Peck              |     3 |     2 |    47 |     1 ||    53
         Quarterstaff      |       |    50 |   244 |     7 ||   301
         Kick              |       |     7 |    76 |     1 ||    84
  Throw: Throwing net      |       |       |     1 |       ||     1
   Cast: Shock             |    57 |   104 |   224 |    10 ||   395
    Use: Scroll            |     2 |       |     8 |       ||    10
         Potion            |       |     1 |     4 |     1 ||     6
   Stab: Petrifying        |       |       |     1 |       ||     1
         Paralysed         |       |       |     2 |       ||     2
         Distracted        |       |       |     1 |       ||     1
         Confused          |       |       |     1 |       ||     1
         Held in net/web   |       |       |     1 |       ||     1
 Armour: Robe              |     1 |     2 |       |       ||     3
         Leather armour    |       |    13 |    43 |       ||    56
  Dodge: Dodged            |     7 |    39 |   373 |     7 ||   426
